 Dungeon Crawl Stone Soup version 0.25-a0-516-g7d600cd9ad (webtiles) character file.

Game seed: 8467267539761741575, levelgen mode: deterministic

62 Trollboi the Ruffian (level 3, -7/36 HPs)
             Began as a Troll Abyssal Knight on Feb 17, 2020.
             Was a Believer of Lugonu.
             Mangled by Sigmund
             ... wielding a +0 scythe
              (10 damage)
             ... on level 2 of the Dungeon.
             The game lasted 00:04:03 (1136 turns).

Trollboi the Ruffian (Troll Abyssal Knight)         Turns: 1136, Time: 00:04:03

Health: -7/36      AC:  6    Str: 21    XL:     3   Next: 85%
Magic:  3/3        EV: 10    Int: 10    God:    Lugonu [**....]
Gold:   41         SH:  0    Dex:  9    Spells: 2/2 levels left

rFire    . . .     SeeInvis .     - Unarmed
rCold    . . .     Gourm    +   (no shield)
rNeg     . . .     Faith    .   a - +0 robe
rPois    .         Spirit   .   (helmet restricted)
rElec    .         Reflect  .   (no cloak)
rCorr    .         Harm     .   (gloves unavailable)
MR       .....                  (boots unavailable)
Stlth    +.........             (no amulet)
HPRegen  0.52/turn              (no ring)
MPRegen  0.08/turn              (no ring)

@: flying, hasted, very quick
A: large, unfitting armour, beak, claws 3, hooves 1, clever 1, fast metabolism
3, gourmand, regeneration 1, shaggy fur 1, tough skin 3
a: Depart the Abyss, Bend Space, Renounce Religion


You were on level 2 of the Dungeon.
You worshipped Lugonu.
Lugonu was pleased with you.
You were very full.

You visited 1 branch of the dungeon, and saw 2 of its levels.
You visited the Abyss 1 time.

You collected 41 gold pieces.

Inventory:

Missiles
 e - 20 sling bullets
 j - 40 stones (quivered)
Armour
 a - a +0 robe (worn)
Jewellery
 g - an uncursed amulet of regeneration {unknown}
Scrolls
 d - a scroll of blinking {unknown}
 f - 4 scrolls of identify {unknown}
 i - a scroll of enchant armour {unknown}
 o - a scroll of fear {unknown}
 p - a scroll of teleportation {unknown}
Potions
 c - a potion of brilliance {unknown}
 l - a potion of heal wounds {unknown}
 n - a potion of agility {unknown}
 q - a potion of haste
 r - a potion of ambrosia {unknown}
Comestibles
 b - 3 rations


   Skills:
 - Level 2.7 Fighting
 - Level 1.4 Throwing
 - Level 1.9 Dodging
 - Level 2.9 Unarmed Combat
 + Level 2.1 Invocations


You had 2 spell levels left.
You didn't know any spells.
Your spell library was empty.

Dungeon Overview and Level Annotations

Branches:
Dungeon (2/15)

Altars:

Annotations:
D:2 Sigmund


Innate Abilities, Weirdness & Mutations

You are too large for most types of armour.
You have claws for hands.
Your metabolism is lightning-fast.
You like to eat raw meat.
Your natural rate of healing is unusually fast.
You are covered in fur. (AC +1)
You have extremely tough skin. (AC +3)
You have a beak for a mouth.
You have large cloven feet.
Your mind is acute. (Int +2)


Message History

You bump into the rock wall.
Sigmund closely misses you.
You closely miss Sigmund.
Sigmund is moderately wounded.
You feel less confused.
You scratch Sigmund but do no damage.
Sigmund is moderately wounded.
Sigmund mumbles some strange words.
Sigmund flickers and vanishes!
Deactivating autopickup; reactivate with Ctrl-A.
Something hits you.
* * * LOW HITPOINT WARNING * * *
It was a potion of flight.
You feel very buoyant.
You fly up into the air.
It was a potion of magic.
Magic courses through your body.
It was a potion of mutation.
You feel extremely strange.
Your mouth lengthens and hardens into a beak!
Your feet thicken and deform.
You feel clever. Something hits you!
You die...

.....# #####.# #.....#
.....##### #. .....# #รท....#
.........# #. .....###$....#
.....###.# .............#
####...# ......?......# #...#
.........##### #...#
.........#
####...############.........#
#......##.......@...<.......#
#.###.....#########.........#
#...#.##### .....## ###.#...#
..(..# #.###.# ######
###.###.# ........# #########


There were no monsters in sight!

Vanquished Creatures
  4 adders (D:2)
  A leopard gecko (D:2)
  A giant cockroach (D:1)
  5 goblins (D:2)
  4 hobgoblins
  3 kobolds
  3 bats
  2 frilled lizards (D:2)
  4 rats
27 creatures vanquished.

Notes
Turn   | Place    | Note
-------+----------+-------------------------------------------
     0 | Abyss:1  | Trollboi the Troll Abyssal Knight began the quest for the
                  | Orb.
     0 | Abyss:1  | Reached XP level 1. HP: 22/22 MP: 1/1
     6 | Abyss:1  | Found a corrupted altar of Lugonu.
    17 | D:1      | Escaped the Abyss
   500 | D:1      | Reached XP level 2. HP: 28/29 MP: 2/2
   909 | D:2      | Noticed Sigmund
   924 | D:2      | Reached ** piety under Lugonu
   924 | D:2      | Reached XP level 3. HP: 28/36 MP: 3/3
   966 | D:2      | Reached skill level 1 in Throwing
  1136 | D:2      | Gained mutation: You have a beak for a mouth. [potion of
                  | mutation]
  1136 | D:2      | Gained mutation: You have large cloven feet. [potion of
                  | mutation]
  1136 | D:2      | Gained mutation: Your mind is acute. (Int +2) [potion of
                  | mutation]
  1136 | D:2      | Mangled by Sigmund

Levels and vault maps discovered:
D:1:      minmay_arrival_glassed_features, layout_basic
D:2:      layout_basic, uniq_sigmund

Skill      XL: |  1  2  3 |
---------------+----------+-----
Throwing       | 1 |  1.4
Invocations    | 2 |  2.1
Fighting       | |  2.7
Dodging        | |  1.9
Unarmed Combat | |  2.9

Action                   || total
-------------------------++-------
Melee: Unarmed           ||   100
  Use: Potion            ||     4
  Eat: Chunk             ||    15
Armor: Robe              ||    27
Dodge: Dodged            ||    53

Table legend:
 A = Non-vault XP
 B = Vault XP
 C = Vault XP percentage of total XP
 D = Non-vault monster count
 E = Vault monster count
 F = Vault count percentage of total count
                 A         B        C        D         E       F
            +---------+---------+-------+---------+---------+-------
      Total |      89 |       0 |   0.0 |      27 |       0 |   0.0
            +---------+---------+-------+---------+---------+-------
        D:1 |      13 |       0 |   0.0 |       8 |       0 |   0.0
        D:2 |      76 |       0 |   0.0 |      19 |       0 |   0.0
            +---------+---------+-------+---------+---------+-------
